 Dungeon Crawl Stone Soup version 0.32-a0-772-g33df2375a9 (webtiles) character file.

Game seed: 631860481664409689

7448 Nvm9 the Fighter (level 10, -1/83 HPs)
             Began as a Demonspawn Fighter on Mar 19, 2024.
             Was an Elder of Okawaru.
             Succumbed to Maurice's poison
             ... on level 10 of the Dungeon.
             The game lasted 00:19:35 (9156 turns).

Nvm9 the Fighter (Demonspawn Fighter)               Turns: 9156, Time: 00:19:36

Health: -1/83      AC: 16    Str: 23    XL:     10   Next: 93%
Magic:  10/10      EV:  7    Int: 13    God:    Okawaru [****..]
Gold:   0          SH:  5    Dex: 12    Spells: 9/9 levels left

rFire   + . .        v - +0 broad axe (protect)
rCold   . . .        c - +0 buckler
rNeg    . . .        O - +0 chain mail of Soureom {Str+2 Int+4 Stlth+}
rPois   .            (helmet restricted)
rElec   .            (no cloak)
rCorr   +            Q - +0 pair of gloves
SInv    .            (no boots)
Will    .....        P - amulet of magic regeneration Stlth
                     e - +4 ring of protection
HPRegen 0.33/turn    x - ring of resist corrosion
MPRegen 0.52/turn

%: no passive effects
@: lethally poisoned (-1 -> -5), on berserk cooldown, attractive, hasted and
slowed
A: antennae 2, powered by pain 1, spiny 2, fire resistance 1
a: Renounce Religion, Heroism, Finesse


You were on level 10 of the Dungeon.
You worshipped Okawaru.
Okawaru was greatly pleased with you.
You visited 2 branches of the dungeon, and saw 11 of its levels.
You also visited: Sewer.

You collected 157 gold pieces.
You spent 157 gold pieces at shops.

Inventory:

Hand Weapons
 a - a +2 spectral war axe
 f - a +5 falchion
 q - a +4 short sword
 v - a +0 broad axe of protection (weapon)
 C - a +2 long sword of freezing
 D - a +2 antimagic mace
 L - a +0 arbalest
Missiles
 i - 17 poisoned darts
 m - 6 javelins (quivered)
 I - 2 throwing nets
Armour
 b - a +0 scale mail
 c - a +0 buckler (worn)
 k - an orb of energy
 r - a +2 chain mail of positive energy
 A - a +0 plate armour
 F - a +1 hat
 O - the +0 chain mail of Soureom (worn) {Str+2 Int+4 Stlth+}
   (You took it off an orc on level 9 of the Dungeon)

   Str+2:     It affects your strength (+2).
   Int+4:     It affects your intelligence (+4).
   Stlth+:    It makes you more stealthy.
 Q - a +0 pair of gloves (worn)
Jewellery
 e - a +4 ring of protection (left hand)
 x - a ring of resist corrosion (right hand)
 P - an amulet of magic regeneration (around neck)
Wands
 o - a wand of charming (11)
 B - a wand of digging (4)
Scrolls
 h - 4 scrolls of blinking
 j - 9 scrolls of identify
 l - 2 scrolls of teleportation
 n - a scroll of vulnerability
 s - a scroll of poison
 u - a scroll of revelation
 y - a scroll of brand weapon
 M - a scroll of immolation
 N - a scroll of fear
Potions
 d - 3 potions of might
 g - 3 potions of enlightenment
 p - a potion of brilliance
 z - 2 potions of mutation
 H - a potion of resistance {unknown}


   Skills:
 * Level 9.1 Fighting
 * Level 8.0 Axes
 * Level 8.2 Armour
 * Level 8.2 Shields


You had 9 spell levels left.
You didn't know any spells.
Your spell library contained the following spells:

 Spells                   Type           Power      Damage    Failure   Level
 Kiss of Death            Conj/Necr      0%         2d5       87%         1
 Jinxbite                 Hex            0%         N/A       95%         2
 Confusing Touch          Hex            0%         N/A       99%         3
 Dispel Undead            Necr           0%         3d6       100%        4
 Passage of Golubria      Tloc           0%         N/A       100%        4
 Silence                  Hex/Air        0%         N/A       100%        5
 Yara's Violent Unravell  Hex/Alch       0%         3d3       100%        5
 Enfeeble                 Hex            0%         N/A       100%        7
 Lehudib's Crystal Spear  Conj/Erth      0%         10d2      100%        8


Dungeon Overview and Level Annotations

Branches:
Dungeon (10/15)            Temple (1/1) D:7            Lair (0/5) D:8
    Orc (0/2) D:9           Sewer (visited)

Altars:
Ashenzari
Cheibriados
Dithmenos
Fedhas
Gozag
Hepliaklqana
Kikubaaqudgha
Makhleb
Nemelex Xobeh
Okawaru
Qazlal
Ru
Sif Muna
Trog
Uskayaw
Vehumet
Wu Jian
Xom
Yredelemnul

Shops:
D:5 *   D:6 (

Portals:
Bailey: D:10

Annotations:
D:9 2 transporters, topfpfpflanze's ghost, novice OpSh
D:10 Maurice


Innate Abilities, Weirdness & Mutations

You have a pair of antennae on your head.
You sometimes gain a little power by taking damage.
You are mostly covered in sharp spines.
Your flesh is heat resistant. (rF+)


Message History

Something hits you but does no damage.
A poisoned dart appears from out of thin air!
The poisoned dart hits you.
You are poisoned.
You feel sick.
You hear some strange, mumbled words.
You feel sick.
You hear a zap.
An iceblast appears from out of thin air!
The mass of ice explodes!
The iceblast engulfs you but does no damage.
You feel sick.
You feel sick.
You are no longer poisoned.
A poisoned dart appears from out of thin air!
The poisoned dart hits you!
You are poisoned.
You feel very sick.
You feel sick. Something hits you.
* * * LOW HITPOINT WARNING * * *
Something grunts, "Curses!"
Found a spear and a dagger.
Found a flagged portal.
You feel sick.
A poisoned dart appears from out of thin air!
The poisoned dart hits you!
You are lethally poisoned!
Found a halberd.
* * * LOW HITPOINT WARNING * * *
You feel very sick.
* * * LOW HITPOINT WARNING * * *
You feel very sick.
Okay, then.
Unknown command.
Okay, then.
Unknown command.
It was a potion of haste.
You feel yourself speed up.
* * * LOW HITPOINT WARNING * * *
You feel sick.
It was a potion of attraction.
You feel attractive to monsters.
You die...

*****###.#.#.###{###
**,
*,,,,....#.#####.###
*,
*.,,,....#.#####.###
**
*..,,,,,,#.#####.##
*...,,,,,#....{§..#
*#...,,,,#...{...#*
*..^..,**##.####.#
*..)...####{# *.#
*.)∩)...@...# *.#
*..)...###### *.#
*.....** *.# *####**
*.# *.# *,* *,*
******,* *,,,,,,*


There were no monsters in sight!

Vanquished Creatures
  Gastronok (D:8)
  Nergalle (D:9)
  Jeremiah (D:8)
  A tengu conjurer (D:8)
  A troll (D:8)
  4 wyverns
  A warg (D:9)
  A basilisk (D:8)
  A steam dragon (D:7)
  4 water moccasins
  3 orc warriors
  2 sky beasts
  An ice beast (D:6)
  A crocodile (Sewer)
  2 ogres
  2 centaurs (D:8)
  A phantom (D:6)
  3 kobold brigands
  A gnoll sergeant (D:8)
  2 bullfrogs (D:8)
  3 scorpions
  9 wights
  6 killer bees (D:8)
  2 howler monkeys (D:10)
  2 hounds (D:5)
  5 jellies
  A bombardier beetle (D:4)
  9 orc priests
  2 iguanas
  A sleepcap (D:6)
  17 orc wizards
  5 gnolls
  10 adders
  A river rat (D:4)
  A shadow imp (D:6)
  2 white imps
  4 ufetubi (D:7)
  3 dart slugs (D:2)
  3 ribbon worms
  27 orcs
  4 endoplasms
  3 giant cockroaches
  8 goblins
  8 hobgoblins
  10 jackals
  5 quokkas
  2 training dummies (D:4)
  7 ball pythons
  3 bats
  4 frilled lizards
  29 kobolds
  7 rats
237 creatures vanquished.

Notes
Turn   | Place    | Note
-------+----------+-------------------------------------------
     0 | D:1      | Nvm9 the Demonspawn Fighter began the quest for the Orb.
     0 | D:1      | Reached XP level 1. HP: 18/18 MP: 1/1
   182 | D:1      | Gained mutation: You are partially covered in sharp spines.
                  | [demonic ancestry]
   182 | D:1      | Reached XP level 2. HP: 24/24 MP: 2/2
   307 | D:1      | Found a faded altar of an unknown god.
   685 | D:2      | Reached XP level 3. HP: 26/29 MP: 3/3
   715 | D:2      | Found a sparkling altar of Nemelex Xobeh.
  1235 | D:2      | Reached XP level 4. HP: 27/35 MP: 4/4
  1759 | D:3      | Found a broken altar of Ashenzari.
  1845 | D:3      | Found a sacrificial altar of Ru.
  1996 | D:3      | Reached XP level 5. HP: 42/42 MP: 5/5
  2035 | D:3      | Found a shimmering altar of Xom.
  2281 | D:3      | Reached skill level 4 in Fighting
  2656 | D:4      | Found a glowing drain.
  2662 | Sewer    | Entered a sewer
  2722 | Sewer    | Noticed a crocodile
  2736 | Sewer    | Killed a crocodile
  2737 | Sewer    | Gained mutation: You sometimes gain a little power by
                  | taking damage. [demonic ancestry]
  2737 | Sewer    | Reached XP level 6. HP: 17/49 MP: 6/6
  3513 | D:5      | Entered Level 5 of the Dungeon
  3592 | D:5      | Gained mutation: You are mostly covered in sharp spines.
                  | [demonic ancestry]
  3592 | D:5      | Reached XP level 7. HP: 10/55 MP: 7/7
  3862 | D:5      | Found Giecuih's General Store.
  3871 | D:5      | Bought a potion of heal wounds for 65 gold pieces
  3979 | D:5      | Reached skill level 5 in Fighting
  4441 | D:6      | Reached skill level 5 in Armour
  4442 | D:6      | Reached skill level 5 in Shields
  4442 | D:6      | Reached XP level 8. HP: 33/63 MP: 8/8
  4716 | D:6      | Reached skill level 6 in Fighting
  4722 | D:6      | Reached skill level 5 in Axes
  4966 | D:6      | Found Gaqit's Antique Weapon Shoppe.
  4982 | D:6      | Bought a broad axe for 92 gold pieces
  5438 | D:6      | Gained mutation: You have a pair of small antennae on your
                  | head. [demonic ancestry]
  5438 | D:6      | Reached XP level 9. HP: 71/71 MP: 9/9
  5790 | D:7      | Found a staircase to the Ecumenical Temple.
  5919 | Temple   | Entered the Ecumenical Temple
  6009 | Temple   | Became a worshipper of Warmaster Okawaru
  6130 | D:7      | Reached skill level 7 in Fighting
  6206 | D:7      | Gained mutation: Your flesh is heat resistant. (rF+)
                  | [potion of mutation]
  6386 | D:8      | Found a staircase to the Lair.
  6543 | D:8      | Reached * piety under Okawaru
  6693 | D:8      | Noticed a troll
  6699 | D:8      | Killed a troll
  6700 | D:8      | Noticed a tengu conjurer
  6700 | D:8      | Noticed Gastronok
  6962 | D:8      | Killed Gastronok
  6962 | D:8      | Reached ** piety under Okawaru
  6962 | D:8      | Reached *** piety under Okawaru
  6963 | D:8      | Reached skill level 8 in Fighting
  6963 | D:8      | Gained mutation: You have a pair of antennae on your head.
                  | [demonic ancestry]
  6963 | D:8      | Reached XP level 10. HP: 65/80 MP: 10/10
  7504 | D:8      | Noticed Jeremiah
  7536 | D:8      | Killed Jeremiah
  8464 | D:9      | Found a staircase to the Orcish Mines.
  8473 | D:9      | Identified the +0 chain mail of Soureom {Str+2 Int+4
                  | Stlth+}
  8497 | D:8      | Reached **** piety under Okawaru
  8741 | D:9      | Found a hazy altar of Hepliaklqana.
  8756 | D:9      | Found a transporter.
  8759 | D:9      | Noticed topfpfpflanze's ghost (novice OpSh)
  8775 | D:9      | Found a transporter.
  8947 | D:10     | Entered Level 10 of the Dungeon
  8952 | D:10     | Noticed Nergalle
  8972 | D:9      | Killed Nergalle
  8973 | D:9      | Reached skill level 9 in Fighting
  9123 | D:10     | Noticed Maurice
  9125 | D:10     | Something stole a +4 trident of draining
  9127 | D:10     | Something stole an orb of mayhem
  9130 | D:10     | Something stole 28 poisoned darts
  9131 | D:10     | Something stole an amulet of the acrobat
  9133 | D:10     | Something stole 426 gold
  9152 | D:10     | Found a flagged portal.
  9154 | D:10     | HP: 2/83 [poisoned by Maurice]
  9156 | D:10     | Succumbed to Maurice's poison

Illustrated notes

Levels and vault maps discovered:
D:1:      moated_graveyard_arrival, layout_basic,
          shapermc_ecumenical_altar_mp_ritualfount
D:2:      layout_basic, basic_altar
D:3:      layout_loops_cross, mainiacjoe_overflow_catwalk,
          mainiacjoe_overflow_boulevard, mainiacjoe_overflow_catch_the_wave,
          wad_floor_pattern_untrapped, hangedman_decor_growths
D:4:      dreamdust_elfheim, layout_basic,
          mainiacjoe_sewer_entry_somewhere_in_here_2, hex_large
D:5:      layout_loops_ring, serial_shops, shop
D:6:      layout_cave_pods, kennysheep_windowed_goal
D:7:      layout_basic, minmay_temple_entry_junction
D:8:      kennysheep_blocky_room, layout_gridville, dpeg_oklobed_lair,
          chequers_serial_rivers_large_a, uniq_gastronok, uniq_jeremiah
D:9:      layout_roguey, mainiacjoe_overflow_small_starburst, erik_orc_4,
          gammafunk_ghost_stat_death
D:10:     layout_basic, enter_bailey_2, uniq_nergalle, uniq_maurice
Temple:   minmay_crystal_spiral_temple

Skill      XL: |  1  2  3  4  5  6  7  8  9 10 |
---------------+-------------------------------+-----
Axes           | 2 3 4 5 7 8 |  8.0
Shields        | 3 4 5 6 7 8 |  8.2
Armour         | 3 4 5 6 7 8 |  8.2
Fighting       | 4 5 6 8 9 |  9.1

Action                     |  1- 3 |  4- 6 |  7- 9 | 10-12 || total
---------------------------+-------+-------+-------+-------++-------
  Melee: War axe           |    66 |   113 |    70 |       ||   249
         Broad axe         |       |       |   113 |   180 ||   293
 Invoke: Heroism           |       |       |       |     1 ||     1
    Use: Scroll            |     4 |     9 |     2 |     1 ||    16
         Potion            |       |     7 |     5 |     5 ||    17
 Armour: Scale mail        |    46 |    79 |       |       ||   125
         Chain mail        |       |     3 |   187 |   126 ||   316
         Plate armour      |       |       |       |    55 ||    55
  Dodge: Dodged            |    15 |    35 |    89 |    65 ||   204
  Block: Buckler           |    14 |    19 |    62 |    74 ||   169

Table legend: (Time is in decaauts)
 A = Elapsed time spent in this place.
 B = Non-inter-level travel time spent in this place.
 C = Inter-level travel time spent in this place.
 D = Time resting spent in this place.
 E = Time spent auto-exploring this place.
 F = Levels seen in this place.
 G = Mean time per level.
                   A        B        C        D        E       F      G
               +--------+--------+--------+--------+--------+-----+--------+
         Total |   9401 |   9061 |    340 |   1648 |   5340 |  12 |  783.4 |
       Dungeon |   8970 |   8776 |    194 |   1535 |   5311 |  10 |  897.0 |
        Temple |    177 |     31 |    146 |      0 |      0 |   1 |  177.0 |
         Sewer |    252 |    252 |      0 |    113 |     28 |   1 |  252.0 |
               +--------+--------+--------+--------+--------+-----+--------+

Top non-repeatable levels by time:
     D:8: 2026 daAuts
     D:6: 1292 daAuts
     D:2: 1100 daAuts
     D:5: 833 daAuts
     D:4: 819 daAuts
     D:9: 747 daAuts
     D:3: 739 daAuts
     D:1: 696 daAuts
     D:7: 612 daAuts
   Sewer: 252 daAuts
  Temple: 177 daAuts
    D:10: 102 daAuts
